 Dungeon Sprint DCSS version 0.21.0-25-ge575cb9 (webtiles) character file.

178 wojtek the Cleaver (level 5, -3/76 HPs)
             Began as a Minotaur Berserker on Jan 26, 2018.
             Was an Elder of Trog.
             Slain by a neqoxec (12 damage)
             ... summoned by a deep elf mage
             ... in the Dungeon (Sprint III: "The Ten Rune Challenge").
             The game lasted 00:01:04 (340 turns).

wojtek the Cleaver (Minotaur Berserker)              Turns: 340, Time: 00:01:04

Health: -3/76      AC:  2    Str: 28    XL:     5   Next: 32%
Magic:  4/4        EV: 13    Int:  4    God:    Trog [****..]
Gold:   16         SH:  0    Dex:  9    Spells: 4/4 levels left

rFire    . . .     SeeInvis .   a - +0 hand axe
rCold    . . .     Gourm    .   (no shield)
rNeg     . . .     Faith    .   b - +0 animal skin
rPois    .         Spirit   .   (helmet restricted)
rElec    .         Reflect  .   (no cloak)
rCorr    .         Harm     .   (no gloves)
MR       .....     NoTele   +   (no boots)
Stlth    ..........             (no amulet)
HPRegen  0.22/turn              (no ring)
MPRegen  0.09/turn              (no ring)

@: berserking, heavily drained, very quick
A: retaliatory headbutt, horns 2
a: Berserk, Trog's Hand, Brothers in Arms, Burn Spellbooks, Renounce Religion


You were in the Dungeon.
You worshipped Trog.
Trog was greatly pleased with you.
You were not hungry.

You visited 1 branch You collected 16 gold pieces.

Inventory:

Hand Weapons
 a - a +0 hand axe (weapon)
Armour
 b - a +0 animal skin (worn)
Scrolls
 i - a scroll of blinking
 j - 2 scrolls of enchant weapon {unknown}
 m - a scroll of immolation {unknown}
 n - 2 scrolls of identify {unknown}
 o - a scroll of fear {unknown}
 p - a scroll of holy word {unknown}
 q - 2 scrolls of remove curse
Potions
 d - a potion of curing
 e - 3 potions of heal wounds
 f - 2 potions of haste
 g - 2 potions of magic
 h - a potion of berserk rage
 l - 4 potions of mutation
Books
 s - a book of Death

   Spells                             Type                      Level
   a - Corpse Rot                     Necromancy                   2
   b - Sublimation of Blood           Necromancy                   2
   c - Agony                          Necromancy                   5
   d - Dispel Undead                  Necromancy                   5
   e - Excruciating Wounds            Charms/Necromancy            5
   f - Bolt of Draining               Conjuration/Necromancy       5
   Trog disapproves of the use of such an item.
Comestibles
 c - 3 rations
 k - 4 chunks of flesh


   Skills:
 + Level 6.9(5.6) Fighting
 * Level 9.1(7.7) Axes
 + Level 6.2(5.0) Armour
 + Level 5.7(4.4) Dodging


You had 4 spell levels left.
You didn't know any spells.

Dungeon Overview and Level Annotations

Branches:
Dungeon (1/1)

Altars:
Elyvilon
Kikubaaqudgha
Sif Muna
Vehumet
Zin
The Shining One


Innate Abilities, Weirdness & Mutations

You reflexively headbutt those who attack you in melee.
You have a pair of horns on your head.


Message History

You slash the neqoxec! You closely miss the red devil.
The red devil hops backward while attacking.
The red devil hits you from afar with a trident.
You closely miss the deep elf mage. Your headbutt misses the deep elf mage.
The deep elf mage is moderately wounded.
You hit the neqoxec.
The deep elf mage gestures at you while chanting.
The bolt of negative energy hits you!
You feel drained. The neqoxec misses you.
You slash the deep elf mage! Your headbutt misses the deep elf mage.
The deep elf mage is severely wounded.
You closely miss the neqoxec. You closely miss the deep elf mage.
Your headbutt misses the deep elf mage.
The deep elf mage is severely wounded.
You hit the neqoxec.
The red devil hits you from afar with a trident.
The deep elf mage casts a spell at you. The bolt of negative energy hits you!
You feel drained.
* * * LOW HITPOINT WARNING * * *
The neqoxec hits you!
You die...

▓▓▓▓▓ ▓▓▓ #...####
##.#####
#......#####..#_e3#
#.......#..#..#.@.#
##.##...#..#..###:#+###+
##.###..##'#..#...4......
###.##..###...'.⌠........
#..##..####...#...######+
...##..###....#.⌠.#
..##...##.....#...#
.##....#......#'###
###..##.#.....#)).#


You could see a deep elf mage, a neqoxec and a red devil.

Vanquished Creatures
  A water elemental (D)
  A scorpion (D)
  A wizard (D)
  A kobold demonologist (D)
  A human (D)
  2 oozes (D)
  2 rats (D)
9 creatures vanquished.

Vanquished Creatures (others)
  2 draconian scorchers (D)
  A yaktaur (D)
  6 hellions (D)
  3 plants (D)
12 creatures vanquished.

Grand Total: 21 creatures vanquished

Notes
Turn   | Place    | Note
-------+----------+-------------------------------------------
     0 | D        | wojtek the Minotaur Berserker began the quest for the Orb.
     0 | D        | Reached XP level 1. HP: 19/19 MP: 0/0
    10 | D        | Reached skill level 4 in Axes
    14 | D        | Reached XP level 2. HP: 15/27 MP: 1/1
    91 | D        | Killed a hellion
   102 | D        | Killed a hellion
   105 | D        | Killed a hellion
   128 | D        | Killed a hellion
   142 | D        | Killed a white draconian scorcher
   144 | D        | Killed a hellion
   154 | D        | Reached ** piety under Trog
   160 | D        | Killed a yaktaur
   166 | D        | Killed a white draconian scorcher
   171 | D        | Noticed a scorpion
   173 | D        | Reached skill level 5 in Axes
   173 | D        | Reached XP level 3. HP: 35/35 MP: 2/2
   177 | D        | Killed a scorpion
   177 | D        | Reached skill level 5 in Fighting
   177 | D        | Reached skill level 7 in Axes
   177 | D        | Reached XP level 4. HP: 44/44 MP: 3/3
   226 | D        | Noticed a water elemental
   228 | D        | Killed a water elemental
   228 | D        | Reached *** piety under Trog
   228 | D        | Reached skill level 8 in Axes
   228 | D        | Reached skill level 5 in Armour
   228 | D        | Reached skill level 5 in Dodging
   230 | D        | Killed a hellion
   270 | D        | Found a radiant altar of Vehumet.
   271 | D        | Found a deep blue altar of Sif Muna.
   271 | D        | Found an ancient bone altar of Kikubaaqudgha.
   271 | D        | Noticed a wizard
   275 | D        | Killed a wizard
   275 | D        | Reached XP level 5. HP: 51/51 MP: 4/4
   280 | D        | Noticed an ice devil
   282 | D        | Reached **** piety under Trog
   282 | D        | Reached skill level 9 in Axes
   328 | D        | Found a glowing silver altar of Zin.
   329 | D        | Found a glowing golden altar of the Shining One.
   329 | D        | Found a white marble altar of Elyvilon.
   329 | D        | Noticed a deep elf mage
   336 | D        | Noticed a red devil
   337 | D        | Noticed a neqoxec
   340 | D        | Slain by a neqoxec

Skill      XL: |  1  2  3  4  5 |
---------------+----------------+-----
Fighting       | 4 5 6 |  6.9
Axes           | 4 5 7 8 9 |  9.1
Armour         | 3 4 6 |  6.2
Dodging        | 3 4 5 |  5.7

Action                   |  1- 3 |  4- 6 || total
-------------------------+-------+-------++-------
Melee: Hand axe          |    15 |    16 ||    31
       Headbutt          |     3 |     2 ||     5
Invok: Berserk           |     1 |     3 ||     4
 Stab: Sleeping          |     1 |       ||     1
  Eat: Chunk             |       |     1 ||     1
Armor: Animal skin       |     1 |     1 ||     2
Dodge: Dodged            |     8 |    10 ||    18
